 Dungeon Crawl Stone Soup version 0.25.1-2-g60ff931df9 (webtiles) character file.

Game seed: 3724924989623517649

287 FreshCat the Poker (level 6, 0/46 HPs)
             Began as a Merfolk Gladiator on Sept 7, 2020.
             Killed by divine providence
             ... invoked by an orc priest
              (16 damage)
             ... on level 4 of the Dungeon.
             The game lasted 00:13:42 (4811 turns).

FreshCat the Poker (Merfolk Gladiator)              Turns: 4811, Time: 00:13:42

Health: 0/46       AC:  6    Str: 16    XL:     6   Next: 30%
Magic:  6/6        EV: 15    Int:  8    God:
Gold:   135        SH:  0    Dex: 15    Spells: 5/5 levels left

rFire    x . .     SeeInvis .   a - +0 trident
rCold    + . .     Gourm    .   (no shield)
rNeg     . . .     Faith    .   b - +0 leather armour
rPois    .         Spirit   .   y - +2 helmet
rElec    .         Reflect  .   (no cloak)
rCorr    .         Harm     .   (no gloves)
MR       .....                  (no boots)
Stlth    ++........             (no amulet)
HPRegen  0.15/turn              j - ring of ice
MPRegen  0.10/turn              (no ring)

@: no status effects
A: change form in water, swift swim, stealthy swim
a: no special abilities


You were on level 4 of the Dungeon.
You were not hungry.

You visited 1 branch of the dungeon, and saw 4 of its levels.

You collected 135 gold pieces.

Inventory:

Hand Weapons
 a - a +0 trident (weapon)
Missiles
 d - 3 throwing nets
 e - 152 stones (quivered)
 s - 2 atropa-tipped darts
Armour
 b - a +0 leather armour (worn)
 y - a +2 helmet (worn)
Jewellery
 j - a ring of ice (left hand)
Wands
 r - a wand of clouds (1)
 w - a wand of digging (5)
Scrolls
 g - 2 scrolls of noise {unknown}
 i - a scroll of random uselessness {unknown}
 l - a scroll of amnesia {unknown}
 m - 2 scrolls of enchant armour {unknown}
 o - a scroll of identify
 p - 2 scrolls of remove curse
 q - 2 scrolls of immolation
 t - a scroll of magic mapping {unknown}
 x - a scroll of teleportation
Potions
 c - a potion of mutation {unknown}
 h - 2 potions of haste
 k - a potion of ambrosia
 n - a potion of cancellation {unknown}
 u - 2 potions of heal wounds
 v - a potion of resistance {unknown}
 A - a potion of flight {unknown}
Comestibles
 f - 10 rations


   Skills:
 + Level 2.8 Fighting
 + Level 6.4 Polearms
 + Level 3.6 Throwing
 + Level 1.4 Armour
 + Level 5.2 Dodging
 + Level 1.6 Stealth


You had 5 spell levels left.
You didn't know any spells.
Your spell library was empty.

Dungeon Overview and Level Annotations

Branches:
Dungeon (4/15)
 Temple: D:4-7

Altars:
Trog


Message History

The orc priest shouts!
You hear a shout!
An orc comes into view.
The orc shouts!
You hit the orc but do no damage.
An orc priest comes into view. It is wielding a +0 whip.
The orc hits you.
You hit the orc.
The orc is heavily wounded.
The orc priest calls down the wrath of Beogh upon you.
Beogh smites you! The orc closely misses you.
You hit the orc but do no damage.
The orc is heavily wounded.
The orc priest invokes the aid of Beogh against you.
Beogh smites you!
You are too injured to fight recklessly!
The orc barely misses you. The orc barely misses you.
The orc priest mumbles some strange prayers to Beogh against you.
Beogh smites you!
You die...

#.............. #..............
#...o.......... #..............
#..##.##....#######.
########+###.##....####.##.####
#............o...........#.....
#........................#.....
#.............@..........#.....
#........................#.....
#...........>............#.....
#........................#.....
#####..##...###...##+##.......>##
..###'###...###...##.##..#######.
..........................# #.
..........................# #.
..........................# #.


You could see an orc priest and an orc.

Vanquished Creatures
  2 orc priests (D:3)
  Ijyb (D:2)
  3 gnolls (D:2)
  7 adders
  2 oozes
  An adder skeleton (D:4)
  2 worms (D:3)
  2 dart slugs
  A leopard gecko (D:3)
  3 orcs (D:3)
  6 bats
  2 giant cockroaches (D:2)
  19 goblins
  8 hobgoblins
  7 jackals
  9 kobolds
  2 quokkas (D:2)
  A ball python (D:3)
  5 frilled lizards
  4 rats
87 creatures vanquished.

Notes
Turn   | Place    | Note
-------+----------+-------------------------------------------
     0 | D:1      | FreshCat the Merfolk Gladiator began the quest for the Orb.
     0 | D:1      | Reached XP level 1. HP: 16/16 MP: 1/1
   166 | D:1      | Reached XP level 2. HP: 23/23 MP: 2/2
   625 | D:1      | Reached XP level 3. HP: 28/28 MP: 3/3
   651 | D:1      | Reached skill level 5 in Polearms
  1530 | D:2      | Reached XP level 4. HP: 30/34 MP: 4/4
  1728 | D:2      | Noticed Ijyb
  1777 | D:2      | Paralysed by Ijyb for 4 turns
  1785 | D:2      | Paralysed by Ijyb for 4 turns
  1796 | D:2      | Paralysed by Ijyb for 5 turns
  1807 | D:2      | Paralysed by Ijyb for 3 turns
  1811 | D:2      | Killed Ijyb
  2049 | D:2      | Reached skill level 1 in Armour
  2088 | D:2      | Found a bloodstained altar of Trog.
  2335 | D:2      | Reached skill level 6 in Polearms
  2337 | D:2      | Reached skill level 5 in Dodging
  2337 | D:2      | Reached XP level 5. HP: 7/39 MP: 5/5
  2338 | D:2      | Reached skill level 1 in Stealth
  4072 | D:3      | Reached XP level 6. HP: 36/46 MP: 6/6
  4811 | D:4      | Killed from afar by an orc priest

Illustrated notes

Levels and vault maps discovered:
D:1:      shiori_arrival_oz, layout_basic
D:2:      kennysheep_the_goblin_king, layout_loops_corners, old_standard_altar,
          first_ration
D:3:      layout_loops_corners
D:4:      layout_gridville, minmay_temple_entry_proselytizer, serial_shops,
          shop, minmay_cupped, uniq_ijyb, uniq_sigmund, uniq_natasha

Skill      XL: |  1  2  3  4  5 |
---------------+----------------+-----
Polearms       | 5 6 |  6.4
Armour         | 1 |  1.4
Dodging        | 5 |  5.2
Stealth        | 1 |  1.6
Throwing       | 3 |  3.6
Fighting       | |  2.8

Action                   |  1- 3 |  4- 6 || total
-------------------------+-------+-------++-------
Melee: Trident           |   105 |   163 ||   268
Throw: Stone             |    41 |    49 ||    90
Evoke: Wand              |       |     1 ||     1
  Use: Scroll            |       |     7 ||     7
 Stab: Sleeping          |     2 |     8 ||    10
  Eat: Chunk             |     2 |    10 ||    12
Armor: Leather armour    |    16 |    24 ||    40
Dodge: Dodged            |    62 |    70 ||   132
